 Dungeon Crawl Stone Soup version 0.21.1-1-g345015f (webtiles) character file.

60 Monsterracer the Ruffian (level 3, -3/28 HPs)
             Began as a Draconian Arcane Marksman on Feb 8, 2018.
             Slain by a gnoll
             ... wielding a +0 club
              (5 damage)
             ... on level 3 of the Dungeon.
             The game lasted 00:02:24 (2151 turns).

Monsterracer the Ruffian (DrAM)                     Turns: 2151, Time: 00:02:25

Health: -3/28      AC:  5    Str: 12    XL:     3   Next: 80%
Magic:  4/4        EV: 12    Int: 14    God:
Gold:   117        SH:  0    Dex: 11    Spells: 0/4 levels left

rFire    . . .     SeeInvis .     - Unarmed
rCold    . . .     Gourm    .   (no shield)
rNeg     . . .     Faith    .   (armour unavailable)
rPois    .         Spirit   .   (helmet restricted)
rElec    .         Reflect  .   (no cloak)
rCorr    .         Harm     .   (no gloves)
MR       .....                  (no boots)
Stlth    +.........             (no amulet)
HPRegen  0.09/turn              (no ring)
MPRegen  0.09/turn              (no ring)

@: no status effects
A: unfitting armour, cold-blooded, AC +5
a: no special abilities


You were on level 3 of the Dungeon.
You were very hungry.

You visited 1 branch of the dungeon, and saw 3 of its levels.

You collected 117 gold pieces.

Inventory:

Missiles
 b - 10 javelins
 d - 2 throwing nets
 p - 4 stones (quivered)
Armour
 l - a +0 buckler
Scrolls
 e - 2 scrolls of amnesia {unknown}
 f - a scroll of blinking {unknown}
 h - 2 scrolls of teleportation {unknown}
 i - 5 scrolls of identify {unknown}
 n - 4 scrolls of remove curse {unknown}
 v - a scroll of immolation {unknown}
 x - a scroll of noise {unknown}
 y - a scroll of enchant armour {unknown}
Potions
 g - a potion of lignification {unknown}
 j - a potion of brilliance {unknown}
 k - a potion of magic
 m - a potion of might {unknown}
 o - a potion of cancellation {unknown}
 q - a potion of ambrosia {!q}
 r - a potion of haste {unknown}
 s - 2 potions of degeneration {unknown}
 t - a potion of mutation {unknown}
 u - a potion of heal wounds {unknown}
 w - 2 potions of curing {unknown}
Books
 a - a book of Debilitation

   Spells                             Type                      Level
   a - Corona                         Hexes                        1
   b - Slow                           Hexes                        2
   c - Inner Flame                    Hexes/Fire                   3
   d - Portal Projectile              Hexes/Translocation          3
   e - Cause Fear                     Hexes                        4
   f - Leda's Liquefaction            Hexes/Earth                  4
Comestibles
 c - 4 rations


   Skills:
 - Level 1.1 Fighting
 - Level 1.7 Throwing
 - Level 1.7 Dodging
 + Level 3.5 Unarmed Combat
 - Level 1.0 Spellcasting
 - Level 2.6 Hexes


You couldn't memorise any spells.
You knew the following spells:

 Your Spells              Type           Power        Failure   Level  Hunger
a - Corona                Hex            #......      9%          1    ##.....
c - Portal Projectile     Hex/Tloc       #.....       41%         3    ####...


Dungeon Overview and Level Annotations

Branches:
Dungeon (3/15)

Altars:
Trog


Innate Abilities, Weirdness & Mutations

Your plain brown scales are hard. (AC +5)
You cannot fit into any form of body armour.
You are cold-blooded and may be slowed by cold attacks.


Message History

You now have 117 gold pieces (gained 7).
Things that are here:
a short sword; a buckler; a kobold corpse
Found a stone staircase leading up.
Health restored: 28
i - 5 scrolls labeled WILAUNTI CYBUG (gained 1)
There is a stone staircase leading up here.
Found a hunting sling.
Found a stone staircase leading down.
y - a scroll labeled ARPHAS VUUTREA No target in view! 2 gnolls come into view.
There are monsters nearby!
There are monsters nearby!
A gnoll comes into view. It is wielding a whip of electrocution.
The gnoll shouts! x2
A gnoll comes into view. It is wielding a whip.
Throwing (i - inventory. (,) - cycle):
p - 5 stones (quivered)
Press: ? - help, Shift-Dir - straight line, f - gnoll
Aim: a gnoll, wielding a whip You throw a stone.
The stone hits the gnoll.
The gnoll is lightly wounded.
The gnoll hits you with a whip.
You take 2 damage, and have 26/28 hp.
You barely miss the gnoll.
The gnoll is lightly wounded.
The gnoll closely misses you.
You hit the gnoll.
The gnoll is heavily wounded.
The gnoll barely misses you.
You hit the gnoll.
The gnoll is heavily wounded.
The gnoll hits you with a whip.
You take 4 damage, and have 22/28 hp.
You closely miss the gnoll.
The gnoll is heavily wounded.
The gnoll barely misses you.
You hit the gnoll.
You kill the gnoll!
The gnoll throws a throwing net.
The throwing net barely misses you. The gnoll closely misses you.
You see here a whip.
Fire/throw which item? (* to show all) (? for menu, Esc to quit)
Press: ? - help, Shift-Dir - straight line, f - gnoll
Aim: a gnoll, wielding a whip of electrocution You throw a javelin.
The javelin hits the gnoll!
The gnoll is almost dead.
You are feeling very hungry.
The gnoll hits you with a whip of electrocution.
You take 3 damage, and have 19/28 hp.
You hit the gnoll.
You kill the gnoll!
You hit the gnoll.
The gnoll is moderately wounded.
The gnoll hits you with a club.
You take 4 damage, and have 15/28 hp.
You hit the gnoll.
The gnoll is heavily wounded.
The gnoll hits you but does no damage.
You closely miss the gnoll.
The gnoll is heavily wounded.
The gnoll hits you with a club.
* * * LOW HITPOINT WARNING * * *
You take 1 damage, and have 14/28 hp.
You hit the gnoll but do no damage.
The gnoll is heavily wounded.
The gnoll hits you but does no damage.
You hit the gnoll.
The gnoll is heavily wounded.
Unknown command.
You barely miss the gnoll.
The gnoll is heavily wounded.
The gnoll misses you.
You closely miss the gnoll. You tail-slap the gnoll.
Your punch misses the gnoll.
The gnoll is severely wounded.
The gnoll closely misses you.
Unknown command.
You hit the gnoll but do no damage. You tail-slap the gnoll.
The gnoll is almost dead.
The gnoll barely misses you.
You hit the gnoll but do no damage.
The gnoll is almost dead.
The gnoll hits you with a club!
* * * LOW HITPOINT WARNING * * *
You take 8 damage, and have 6/28 hp.
MASSIVE DAMAGE!!
You barely miss the gnoll.
The gnoll is almost dead.
The gnoll hits you with a club.
* * * LOW HITPOINT WARNING * * *
You take 5 damage, and have 1/28 hp.
Throwing (i - inventory. (,) - cycle):
p - 4 stones (quivered)
Press: ? - help, Shift-Dir - straight line, f - gnoll
Aim: a gnoll, wielding a club (almost dead)
Okay, then.
You hit the gnoll but do no damage.
The gnoll is almost dead.
You hit the gnoll but do no damage.
The gnoll is almost dead.
The gnoll hits you with a club.
You die...

#.>.......)#
#.###...##.#
##.###.#
#.###.######.#
#............#
#####.#######.
#.#
#.########.#
#....gg@..(#
############


You could see 2 gnolls.

Vanquished Creatures
  2 gnolls (D:3)
  An ooze (D:2)
  A worm (D:3)
  4 giant cockroaches (D:2)
  4 goblins
  6 hobgoblins
  4 kobolds
  A quokka (D:3)
  3 bats
  4 frilled lizards
  A rat (D:2)
31 creatures vanquished.

Notes
Turn   | Place    | Note
-------+----------+-------------------------------------------
     0 | D:1      | Monsterracer the Draconian Arcane Marksman began the quest for the Orb.
     0 | D:1      | Reached XP level 1. HP: 16/16 MP: 2/2
   358 | D:1      | Reached skill level 1 in Unarmed Combat
   804 | D:2      | HP: 8/16 [hobgoblin/club (1)]
   805 | D:2      | Reached XP level 2. HP: 11/23 MP: 3/3
   997 | D:2      | Reached skill level 2 in Unarmed Combat
  1347 | D:2      | Reached XP level 3. HP: 16/28 MP: 4/4
  1355 | D:2      | Learned a level 3 spell: Portal Projectile
  1726 | D:3      | Found a bloodstained altar of Trog.
  1751 | D:3      | Reached skill level 3 in Unarmed Combat
  1951 | D:3      | HP: 14/28 [poisoned by a kobold]
  1957 | D:3      | HP: 7/28 [poisoned by a kobold]
  2142 | D:3      | HP: 14/28 [gnoll/club (1)]
  2148 | D:3      | HP: 6/28 [gnoll/club (8)]
  2149 | D:3      | HP: 1/28 [gnoll/club (5)]
  2151 | D:3      | Slain by a gnoll

Skill      XL: |  1  2  3 |
---------------+----------+-----
Unarmed Combat | 1 2 3 |  3.5
Fighting       | |  1.1
Throwing       | |  1.7
Dodging        | |  1.7
Spellcasting   | |  1.0
Hexes          | |  2.6

Action                   || total
-------------------------++-------
Melee: Unarmed           ||   182
       Tailslap          ||    12
       Punch             ||     2
Throw: Javelin           ||     2
       Stone             ||     1
  Use: Potion            ||     2
  Eat: Chunk             ||     3
Armor: Skin              ||    56
Dodge: Dodged            ||   118

Vault maps used:
D:1:      lemuel_arrival_muddy, kennysheep_decorative_pillar, kennysheep_boxes
D:3:      bloody_trog, marbit_many_paths
